 Dungeon Crawl Stone Soup version 0.29.0-15-g675c0067aa (webtiles) character file.

Game seed: 675114433847653312

80 pacmanke6689 the Shield-Bearer (level 4, -2/37 HPs)
             Began as a Formicid Fighter on Sept 11, 2022.
             Slain by a goblin
             ... wielding a +0 club
             ... led by Robin
              (4 damage)
             ... on level 2 of the Dungeon.
             The game lasted 00:02:39 (1067 turns).

pacmanke6689 the Shield-Bearer (Formicid Fighter)   Turns: 1067, Time: 00:02:41

Health: -2/37      AC:  8    Str: 23    XL:     4   Next: 65%
Magic:  4/4        EV:  9    Int:  7    God:
Gold:   83         SH:  5    Dex: 13    Spells: 3/3 levels left

rFire   . . .      SeeInvis +   a - +0 quarterstaff
rCold   . . .      Faith    .   c - +0 buckler
rNeg    . . .      Spirit   .   b - +0 scale mail
rPois   .          Reflect  .   (helmet unavailable)
rElec   .          Harm     .   (no cloak)
rCorr   .          Rampage  .   (no gloves)
Will    .....                   e - +0 pair of boots
Stlth   ..........              (no amulet)
HPRegen 0.12/turn               (no ring)
MPRegen 0.09/turn               (no ring)

@: mighty
A: permanent stasis, dig shafts and tunnels, antennae 3, four strong arms
a: Dig, Shaft Self


You were on level 2 of the Dungeon.
You visited 1 branch of the dungeon, and saw 2 of its levels.

You collected 83 gold pieces.

Inventory:

Hand Weapons
 a - a +0 quarterstaff (weapon)
Armour
 b - a +0 scale mail (worn)
 c - a +0 buckler (worn)
 e - a +0 pair of boots (worn)
Scrolls
 f - 2 scrolls of identify {unknown}
 g - a scroll of butterflies {unknown}
 h - a scroll of summoning {unknown}
 j - a scroll of fear {unknown}
Potions
 i - a potion of haste {unknown}
 k - a potion of lignification {unknown}


   Skills:
 + Level 3.8 Fighting
 + Level 3.3 Staves
 + Level 3.9 Armour
 + Level 4.4 Shields


You had 3 spell levels left.
You didn't know any spells.
Your spell library contained the following spells:

 Spells                   Type           Power      Damage    Failure   Level
 Poisonous Vapours        Pois/Air       0%         N/A       91%         2
 Corpse Rot               Necr/Pois/Air  0%         N/A       100%        4


Dungeon Overview and Level Annotations

Branches:
Dungeon (2/15)

Altars:

Annotations:
D:2 Robin


Innate Abilities, Weirdness & Mutations

You cannot be hasted, slowed, berserked, paralysed or teleported.
You can dig through walls and to a lower floor.
You have a pair of large antennae on your head. (SInv)
Your four strong arms can wield two-handed weapons with a shield.


Message History

You block Robin's attack. The goblin hits you but does no damage.
An endoplasm comes into view.
You block the goblin's attack. The goblin barely misses you.
The endoplasm moves out of view.
You barely miss the hobgoblin. Robin throws the goblin at you!
The goblin barely misses you. The hobgoblin hits you.
You block the goblin's attack. The goblin hits you with a +0 club.
The goblin hits you but does no damage. You block the goblin's attack.
The hobgoblin barely misses you.
The endoplasm quivers.
You sock the hobgoblin!
You kill the hobgoblin!
The goblin closely misses you. The goblin hits you with a +0 dagger.
The goblin hits you but does no damage. The hobgoblin hits you.
* * * LOW HITPOINT WARNING * * *
You block the goblin's attack. The goblin hits you with a +0 club.
* * * LOW HITPOINT WARNING * * *
You sock the goblin!
You kill the goblin!
You block the goblin's attack. The goblin hits you with a +0 dagger.
* * * LOW HITPOINT WARNING * * *
The goblin barely misses you. You block the goblin's attack.
The goblin attacks as you move away! The goblin hits you but does no damage.
Robin hits you but does no damage.
The goblin unwields a +0 club.
The goblin wields a +0 sling.
The goblin shoots a sling bullet.
The sling bullet barely misses you.
You see here a +0 club.
The goblin attacks as you move away! The goblin barely misses you.
Robin throws the goblin at you! You block the goblin's attack.
The goblin closely misses you. The goblin hits you with a +0 dagger.
* * * LOW HITPOINT WARNING * * *
The goblin completely misses you.
The goblin unwields a +0 sling.
The goblin wields a +0 club.
The goblin hits you but does no damage.
You closely miss the hobgoblin.
The hobgoblin hits you but does no damage.
Robin barely misses you. The goblin hits you but does no damage.
The goblin barely misses you. The goblin hits you with a +0 club.
* * * LOW HITPOINT WARNING * * *
The goblin closely misses you. The goblin hits you with a +0 club.
You die...

#. .# #.. .#.##..
.......##. ......##
.......... ##......#
........######.......#
................#.)..# ##
...............ggg...#...
..............!g@g.......
...............gggJ......
................g...(#..
..##.....>...........#.
..##..........)..........
..##..^..>...........#...
####...............#.....
# ##.............####...
# #########..$.## ...


You could see Robin, an endoplasm, 2 hobgoblins and 6 goblins.

Vanquished Creatures
  Jessica (D:2)
  6 dart slugs
  3 ball pythons
  6 endoplasms
  3 giant cockroaches (D:1)
  6 goblins
  2 hobgoblins (D:2)
  3 quokkas
  4 bats
  2 kobolds (D:1)
  3 rats
39 creatures vanquished.

Notes
Turn   | Place    | Note
-------+----------+-------------------------------------------
     0 | D:1      | pacmanke6689 the Formicid Fighter began the quest for the
                  | Orb.
     0 | D:1      | Reached XP level 1. HP: 18/18 MP: 1/1
    94 | D:1      | Reached XP level 2. HP: 15/24 MP: 2/2
   410 | D:1      | Reached XP level 3. HP: 25/29 MP: 3/3
   681 | D:1      | Found a faded altar of an unknown god.
   933 | D:2      | Noticed Jessica
   946 | D:2      | Reached XP level 4. HP: 37/37 MP: 4/4
   957 | D:2      | Killed Jessica
  1051 | D:2      | Noticed Robin
  1067 | D:2      | Slain by a goblin

Illustrated notes

Levels and vault maps discovered:
D:1:      lightli_arrival_windingriver, layout_loops_ring,
          shapermc_ecumenical_altar_mp_urbaneastern
D:2:      minmay_wonky_spiral, layout_rooms, kennysheep_generic_room_12,
          uniq_robin, uniq_jessica

Skill      XL: |  1  2  3  4 |
---------------+-------------+-----
Staves         | 3 |  3.3
Fighting       | |  3.8
Armour         | |  3.9
Shields        | |  4.4

Action                   |  1- 3 |  4- 6 || total
-------------------------+-------+-------++-------
Melee: Quarterstaff      |    85 |    14 ||    99
  Use: Potion            |       |     1 ||     1
Armor: Scale mail        |    30 |    11 ||    41
Dodge: Dodged            |    42 |    12 ||    54
Block: Buckler           |    13 |     9 ||    22
